 Dungeon Crawl Stone Soup version 0.19.5 (webtiles) character file.

35766 Kisielow the Carver (level 13, -5/116 HPs)
             Began as a Minotaur Fighter on May 23, 2017.
             Was a Priest of Qazlal.
             Slain by an 11-headed hydra (7 damage)
             ... on level 6 of the Lair of Beasts.
             The game lasted 00:34:07 (15626 turns).

Kisielow the Carver (Minotaur Fighter)             Turns: 15626, Time: 00:34:07

Health: -5/116     AC: 17    Str: 30    XL:     13   Next: 49%
Magic:  0/18       EV:  5    Int:  5    God:    Qazlal [***...]
Gold:   995        SH: 24    Dex: 10    Spells: 0 memorised, 12 levels left

rFire  + . .     SeeInvis .     t - +8 long sword "Lasyidett" {speed, rF+ rC+ Str-4}
rCold  + . .     Gourm    .     e - +2 plate armour
rNeg   . . .     Faith    .     o - +0 large shield
rPois  +         Spirit   +     (helmet restricted)
rElec  .         Reflect  .     (no cloak)
rCorr  .         Harm     .     (no gloves)
MR     .....                    (no boots)
Stlth  ..........               D - amulet of guardian spirit
                                r - +3 ring of strength
                                x - ring of poison resistance

@: mighty
A: retaliatory headbutt, horns 2, camouflage 1, mutation resistance 1
a: Upheaval, Elemental Force, Renounce Religion


You were on level 6 of the Lair of Beasts.
You worshipped Qazlal.
Qazlal was most pleased with you.
You were not hungry.

You visited 3 branches of the dungeon, and saw 19 of its levels.

You collected 995 gold pieces.

Inventory:

Hand Weapons
 t - the +8 long sword "Lasyidett" (weapon) {speed, rF+ rC+ Str-4}
   (You found it on level 4 of the Dungeon)

   Attacks with this weapon are significantly faster.
   It affects your strength (-4).
   It protects you from fire.
   It protects you from cold.
Armour
 e - a +2 plate armour (worn)
 o - a +0 large shield (worn)
Jewellery
 c - an uncursed ring of stealth
 i - an uncursed ring of flight
 r - a +3 ring of strength (right hand)
 x - a ring of poison resistance (left hand)
 D - an amulet of guardian spirit (around neck)
 F - a +1 ring of protection
 H - an uncursed ring of magical power
 M - an uncursed ring of protection from magic {unknown}
 S - an uncursed ring of ice {unknown}
Wands
 a - a wand of digging (13/24)
 u - a wand of hasting (5/9)
 G - a wand of enslavement (16/24)
 I - a wand of iceblast (0/15)
 U - a wand of confusion (25/48)
 X - a wand of paralysis (5/24)
Scrolls
 j - 2 scrolls of teleportation
 l - a scroll of holy word {unknown}
 m - 14 scrolls of identify
 n - 10 scrolls of remove curse
 p - a scroll of magic mapping
 w - 5 scrolls of amnesia
 y - 3 scrolls of enchant weapon
 z - a scroll of fear
 A - 2 scrolls of vulnerability {unknown}
 C - a scroll of blinking
 K - a scroll of summoning {unknown}
 N - a scroll of enchant armour
 Q - a scroll of silence {unknown}
 Y - a scroll of recharging
Potions
 b - 2 potions of flight
 g - 6 potions of curing
 h - 3 potions of invisibility
 k - a potion of agility
 R - 3 potions of haste {unknown}
 V - a potion of heal wounds {unknown}
Books
 E - a book of Debilitation

   Spells                             Type                      Level
   a - Corona                         Hexes                        1
   b - Slow                           Hexes                        2
   c - Gell's Gravitas                Hexes/Translocation          3
   d - Inner Flame                    Hexes/Fire                   3
   e - Cause Fear                     Hexes                        4
   f - Leda's Liquefaction            Hexes/Earth                  4
 J - a book of Geomancy

   Spells                             Type                      Level
   a - Sandblast                      Earth                        1
   b - Passwall                       Transmutation/Earth          2
   c - Stone Arrow                    Conjuration/Earth            3
   d - Petrify                        Transmutation/Earth          4
   e - Lee's Rapid Deconstruction     Earth                        5
 O - a book of Alchemy

   Spells                             Type                      Level
   a - Sublimation of Blood           Necromancy                   2
   b - Ignite Poison                  Fire/Transmutation/Poison    3
   c - Petrify                        Transmutation/Earth          4
   d - Alistair's Intoxication        Transmutation/Poison         5
   e - Irradiate                      Conjuration/Transmutation    5
 T - a book of Air

   Spells                             Type                      Level
   a - Shock                          Conjuration/Air              1
   b - Swiftness                      Charms/Air                   2
   c - Repel Missiles                 Charms/Air                   2
   d - Static Discharge               Conjuration/Air              3
   e - Lightning Bolt                 Conjuration/Air              5
 W - a book of Spatial Translocations

   Spells                             Type                      Level
   a - Blink                          Translocation                2
   b - Shroud of Golubria             Charms/Translocation         2
   c - Lesser Beckoning               Translocation                3
   d - Portal Projectile              Translocation                3
   e - Teleport Other                 Translocation                3
   f - Passage of Golubria            Translocation                4
Comestibles
 f - 9 bread rations
 q - 8 meat rations
 s - 8 beef jerkies
 v - a royal jelly
 B - a slice of pizza
 L - 2 fruits
 P - 8 chunks of flesh


   Skills:
 + Level 11.1 Fighting
 * Level 14.7 Long Blades
 + Level 11.1 Armour
 + Level 11.1 Shields
 - Level 9.0 Invocations
 - Level 8.2 Evocations


You had 12 spell levels left.
You didn't know any spells.

Dungeon Overview and Level Annotations

Branches:
Dungeon (12/15)            Temple (1/1) D:5            Lair (6/6) D:8
 Shoals (0/4) Lair:2        Snake (0/4) Lair:4        Slime (0/5) Lair:5
    Orc: D:9-12

Altars:
Ashenzari
Cheibriados
Dithmenos
Elyvilon
Fedhas
Gozag
Hepliaklqana
Kikubaaqudgha
Makhleb
Nemelex Xobeh
Okawaru
Qazlal
Ru
Sif Muna
Trog
Uskayaw
Vehumet
Xom
Yredelemnul
Zin
The Shining One

Shops:
D:5 :%


Innate Abilities, Weirdness & Mutations

You reflexively headbutt those who attack you in melee.
You have a pair of horns on your head.
Your skin changes colour to match your surroundings (Stealth+).
You are somewhat resistant to further mutation.


Message History

* * * LOW HITPOINT WARNING * * *
The ten-headed hydra bites you.
* * * LOW HITPOINT WARNING * * *
The ten-headed hydra bites you but does no damage. x2
You slice one of the ten-headed hydra's heads off!
The nine-headed hydra grows two more!
You hit the 11-headed hydra. You headbutt the 11-headed hydra!
The 11-headed hydra is almost dead.
You block the blink frog's attack. You block the spiny frog's attack.
You block the 11-headed hydra's attack.
The 11-headed hydra completely misses you.
The 11-headed hydra bites you!
* * * LOW HITPOINT WARNING * * *
The 11-headed hydra bites you.
* * * LOW HITPOINT WARNING * * *
The 11-headed hydra bites you but does no damage. x3
The 11-headed hydra bites you!
* * * LOW HITPOINT WARNING * * *
The 11-headed hydra bites you!
You die...

...<.........#
..†.........##
##†.........#
#..........####
###........##§#
#.......H#..###
#.............#
##...<........F##
#.........F..FF@#
#...##...##+##DP#
##..#.....F.....#
#.......$....#..#
#............?...#
###..#......F.#..#
#...#............#
#.. #........#..##
#P #........#.##


You could see a 11-headed hydra, a hippogriff, a spiny frog and 4 blink frogs.

Vanquished Creatures
  The ghost of Gitz the Cleaver, a journeyman DsBe of Trog (Lair:1)
  4 hydras
  A centaur warrior (D:9)
  The ghost of Azzok the Fencer, a novice MiFi of Okawaru (D:9)
  2 hill giants (D:11)
  4 lindwurms (Lair:3)
  Pikel (D:4)
  2 black mambas
  4 elephants (Lair:3)
  2 centaur zombies
  3 sirens (Lair:2)
  Joseph (D:7)
  Psyche (D:10)
  A torpor snail (Lair:5)
  A gargoyle (D:12)
  11 spiny frogs
  2 komodo dragons
  2 rime drakes
  3 trolls
  15 blink frogs
  10 hippogriffs
  Prince Ribbit (D:6)
  2 two-headed ogres (D:8)
  3 dream sheep (Lair:5)
  A vampire (D:11)
  8 yaks
  A basilisk (Lair:1)
  Menkaure (D:5)
  3 porcupines (Lair:2)
  11 water moccasins
  A hornet zombie (D:7)
  7 orc warriors
  2 black bears
  5 ice beasts
  2 necrophages
  5 ogres
  2 phantoms
  7 wolves (Lair:2)
  2 centaurs
  14 crocodiles
  A big kobold (D:11)
  16 bullfrogs
  A wyvern skeleton (D:9)
  4 scorpions
  7 killer bees
  12 wights
  8 howler monkeys
  An electric eel (Lair:2)
  2 crimson imps
  6 bullfrog skeletons
  3 jellies
  8 hounds
  A quasit (D:9)
  3 centaur skeletons
  11 orc priests
  10 orc wizards
  3 iguanas
  8 worker ants
  A killer bee zombie (D:6)
  A hound zombie (D:8)
  A hound skeleton (D:8)
  8 gnolls
  A howler monkey skeleton (D:6)
  9 adders
  A shadow imp (D:11)
  An ooze (D:4)
  An adder zombie (D:9)
  3 adder skeletons
  3 dart slugs
  2 worms
  5 leopard geckos
  48 orcs
  2 ball pythons
  4 giant cockroaches
  5 hobgoblins
  5 quokkas
  A ball python zombie (D:5)
  11 bats
  3 frilled lizards
  16 goblins
  A jackal skeleton (D:5)
  9 kobolds
  A quokka skeleton (D:4)
  8 rats
  16 fungi
  3 plants
425 creatures vanquished.

Vanquished Creatures (collateral kills)
  3 death yaks (Lair:5)
3 creatures vanquished.

Vanquished Creatures (others)
  An ogre (D:4)
  A worm (D:4)
  5 fungi
7 creatures vanquished.

Grand Total: 435 creatures vanquished

Notes
Turn   | Place    | Note
-------+----------+-------------------------------------------
     0 | D:1      | Kisielow the Minotaur Fighter began the quest for the Orb.
     0 | D:1      | Reached XP level 1. HP: 19/19 MP: 0/0
    46 | D:1      | Reached skill level 3 in Long Blades
   109 | D:1      | Reached XP level 2. HP: 26/26 MP: 1/1
   426 | D:1      | Reached skill level 4 in Long Blades
   691 | D:2      | Reached XP level 3. HP: 30/31 MP: 2/2
   887 | D:2      | Reached skill level 5 in Long Blades
  1331 | D:3      | Reached XP level 4. HP: 39/39 MP: 3/3
  1559 | D:3      | Reached skill level 6 in Long Blades
  1601 | D:3      | Reached XP level 5. HP: 9/45 MP: 4/4
  2462 | D:3      | Reached XP level 6. HP: 29/52 MP: 5/5
  3020 | D:4      | Reached skill level 5 in Shields
  3025 | D:4      | Reached skill level 5 in Armour
  3446 | D:4      | Reached skill level 5 in Fighting
  3446 | D:4      | Reached XP level 7. HP: 56/61 MP: 6/6
  3456 | D:4      | Found a shimmering altar of Xom.
  3846 | D:4      | Noticed Pikel
  3881 | D:4      | Killed Pikel
  3881 | D:4      | Reached skill level 7 in Long Blades
  3881 | D:4      | Reached XP level 8. HP: 46/70 MP: 7/7
  4005 | D:4      | Reached skill level 8 in Long Blades
  4221 | D:4      | Found a hide-covered altar of Uskayaw.
  4360 | D:5      | Entered Level 5 of the Dungeon
  4360 | D:5      | Found Yfena's Food Shop.
  4534 | D:5      | Noticed Menkaure
  4555 | D:5      | Killed Menkaure
  4833 | D:5      | Found Geazoo's Book Emporium.
  4963 | D:5      | Found a staircase to the Ecumenical Temple.
  5149 | D:4      | Got a brightly glowing long sword
  5151 | D:4      | Identified the +8 long sword "Lasyidett" {speed, rF+ rC+ Str-4} (You found it on level 4 of the Dungeon)
  5218 | Temple   | Entered the Ecumenical Temple
  5440 | Temple   | Became a worshipper of Qazlal Stormbringer
  5591 | D:6      | Noticed Prince Ribbit
  5612 | D:6      | Killed Prince Ribbit
  5612 | D:6      | Reached skill level 9 in Long Blades
  5900 | D:6      | Reached XP level 9. HP: 77/79 MP: 8/8
  6022 | D:6      | Reached * piety under Qazlal
  6236 | D:6      | Found a glowing silver altar of Zin.
  6407 | D:7      | Noticed Joseph
  6412 | D:7      | Killed Joseph
  6412 | D:7      | Reached skill level 10 in Long Blades
  7252 | D:8      | Reached ** piety under Qazlal
  7260 | D:8      | Reached skill level 11 in Long Blades
  7389 | D:8      | Found an opulent altar of Gozag.
  7555 | D:8      | Reached XP level 10. HP: 90/90 MP: 9/9
  7657 | D:8      | Found a staircase to the Lair.
  8455 | D:9      | Reached skill level 12 in Long Blades
  8502 | D:9      | Noticed a centaur warrior
  8514 | D:9      | Killed a centaur warrior
  8835 | D:9      | Noticed Azzok's ghost (novice MiFi)
  8855 | D:9      | Killed Azzok's ghost
  9311 | D:10     | Entered Level 10 of the Dungeon
  9323 | D:10     | Reached *** piety under Qazlal
  9343 | D:10     | Noticed Psyche
  9355 | D:10     | Killed Psyche
  9355 | D:10     | Reached XP level 11. HP: 80/99 MP: 8/10
  9380 | D:10     | Reached skill level 13 in Long Blades
  9527 | D:10     | Reached skill level 10 in Fighting
  9844 | D:10     | Reached skill level 10 in Shields
 10168 | D:11     | Reached skill level 10 in Armour
 10358 | D:11     | Noticed a hill giant
 10366 | D:11     | Killed a hill giant
 10366 | D:11     | Reached **** piety under Qazlal
 10366 | D:11     | Reached skill level 1 in Invocations
 10366 | D:11     | Reached skill level 1 in Evocations
 10392 | D:11     | Noticed a hill giant
 10402 | D:11     | Killed a hill giant
 10461 | D:11     | You fall through a shaft!
 11171 | Lair:1   | Entered Level 1 of the Lair of Beasts
 11175 | Lair:1   | Noticed Gitz's ghost (journeyman DsBe)
 11199 | Lair:1   | Killed Gitz's ghost
 11199 | Lair:1   | Reached skill level 5 in Invocations
 11261 | Lair:1   | Noticed a four-headed hydra
 11262 | Lair:1   | Killed a four-headed hydra
 11262 | Lair:1   | Reached skill level 5 in Evocations
 11325 | Lair:1   | Reached XP level 12. HP: 101/106 MP: 10/15
 11944 | Lair:1   | Gained mutation: You are somewhat resistant to further mutation. [potion of mutation]
 11944 | Lair:1   | Gained mutation: Your skin changes colour to match your surroundings (Stealth+). [potion of mutation]
 12167 | Lair:2   | Noticed an eight-headed hydra
 12203 | Lair:2   | Killed a nine-headed hydra
 12512 | Lair:2   | Found a staircase to the Shoals.
 14413 | Lair:4   | Reached XP level 13. HP: 114/114 MP: 18/18
 14427 | Lair:4   | Found a staircase to the Snake Pit.
 14667 | Lair:5   | Reached skill level 14 in Long Blades
 15325 | Lair:5   | Found a staircase to the Slime Pits.
 15434 | Lair:6   | Entered Level 6 of the Lair of Beasts
 15626 | Lair:6   | HP: 2/116 [11-headed hydra (9)]
 15626 | Lair:6   | Slain by an 11-headed hydra

Skill      XL: |  1  2  3  4  5  6  7  8  9 10 11 12 13 |
---------------+----------------------------------------+-----
Long Blades    | 3 4 5 6 7 9 11 12 13 14 | 14.7
Armour         | 4 5 6 7 8 9 10 11 | 11.1
Shields        | 4 5 6 7 8 9 10 11 | 11.1
Fighting       | 4 5 6 7 8 9 10 11 | 11.1
Invocations    | 5 9 |  9.0
Evocations     | 5 8 |  8.2

Action                   |  1- 3 |  4- 6 |  7- 9 | 10-12 | 13-15 || total
-------------------------+-------+-------+-------+-------+-------++-------
Melee: Long sword        |   119 |   143 |   338 |   705 |   126 ||  1431
       Headbutt          |    18 |    24 |    64 |   155 |    27 ||   288
Invok: Upheaval          |       |       |       |     4 |     8 ||    12
       Elemental Force   |       |       |       |     1 |     1 ||     2
 Abil: Evoke Flight      |       |       |       |     2 |       ||     2
Evoke: Wand              |       |       |       |     1 |       ||     1
  Use: Scroll            |     3 |     4 |     2 |    17 |       ||    26
       Potion            |       |       |     2 |     5 |     1 ||     8
  Eat: Chunk             |     2 |     5 |    10 |    17 |     2 ||    36
       Meat ration       |       |       |     1 |     1 |       ||     2
       Beef jerky        |       |       |       |     1 |       ||     1
Armor: Plate armour      |    89 |    60 |    84 |   135 |    49 ||   417
       Scale mail        |     4 |       |       |       |       ||     4
Dodge: Dodged            |    20 |    19 |    18 |    42 |    15 ||   114
Block: Shield            |    64 |    24 |       |       |       ||    88
       Large shield      |       |    94 |   180 |   484 |   144 ||   902
       Rpst.: Long sword |     2 |     4 |     5 |     8 |     3 ||    22
